 Dungeon Crawl Stone Soup version 0.27-a0-1188-g73eefd5def (webtiles) character file.

Game seed: 5565307899524613577

16 Bapho the Shield-Bearer (level 2, 19/19 HPs)
             Began as a Gargoyle Fighter on May 21, 2021.
             Was a Follower of Sif Muna.
             Quit the game on level 1 of the Dungeon.
             The game lasted 00:01:18 (651 turns).

Bapho the Shield-Bearer (Gargoyle Fighter)           Turns: 651, Time: 00:01:19

Health: 19/19      AC:  9    Str: 19    XL:     2   Next: 58%
Magic:  2/2        EV:  7    Int:  8    God:    Sif Muna [*.....]
Gold:   43         SH:  9    Dex:  9    Spells: 1/1 levels left

rFire    . . .     SeeInvis .   a - +0 flail
rCold    . . .     Faith    .   c - +0 kite shield
rNeg     + . .     Spirit   .   b - +0 scale mail
rPois    ∞         Reflect  .   (no helmet)
rElec    +         Harm     .   (no cloak)
rCorr    .         Rampage  .   (no gloves)
Will     .....                  (no boots)
Stlth    ..........             (no amulet)
HPRegen  0.06/turn              (no ring)
MPRegen  0.08/turn              (no ring)

@: no status effects
A: sickness immunity, AC +2, negative energy resistance 1, electricity
resistance, torment resistance 1, petrification resistance
a: Renounce Religion, Channel Magic


You were on level 1 of the Dungeon.
You worshipped Sif Muna.
Sif Muna was aware of your devotion.
You visited 1 branch of the dungeon, and saw 1 of its levels.

You collected 43 gold pieces.

Inventory:

Hand Weapons
 a - a +0 flail (weapon)
Missiles
 f - 3 stones (quivered)
Armour
 b - a +0 scale mail (worn)
 c - a +0 kite shield (worn)
Jewellery
 e - an amulet of magic regeneration
 h - an amulet of faith
Scrolls
 g - a scroll of enchant weapon {unknown}
Potions
 d - a potion of might
 i - a potion of lignification {unknown}


   Skills:
 - Level 3.2 Fighting
 + Level 2.3 Maces & Flails
 - Level 3.2 Armour
 * Level 4.0 Shields


You had one spell level left.
You didn't know any spells.
Your spell library was empty.

Dungeon Overview and Level Annotations

Branches:
Dungeon (1/15)

Altars:
Sif Muna


Innate Abilities, Weirdness & Mutations

You are immune to sickness and miasma.
Your stone body is resilient. (AC +2)
You are immune to poison.
You resist negative energy. (rN+)
You are resistant to electric shocks. (rElec)
You are resistant to unholy torment.
You are immune to petrification.


Message History

You barely miss the rat. The rat closely misses you.
You completely miss the rat. You block the rat's attack.
The rat bites you but does no damage.
You hit the rat.
You kill the rat!
The bat hits you but does no damage.
You closely miss the bat. You block the bat's attack.
The bat closely misses you. The bat hits you but does no damage.
You hit the bat.
You kill the bat!
No target in view!
No target in view!
Things that are here:
a +0 dagger; a rat corpse; a goblin corpse
f - 2 stones (gained 1)
f - 3 stones (gained 1)
A frilled lizard comes into view.
The frilled lizard hisses angrily.
You throw a stone.
The stone barely misses the frilled lizard.
You throw a stone. The stone hits the frilled lizard.
You kill the frilled lizard!
Your Shields skill increases to level 4!
No target in view!
No target in view!
Found a faded altar of an unknown god.
f - 2 stones (gained 1)
You see here a frilled lizard corpse.
f - 3 stones (gained 1)
i - a glowing cyan potion
There is a faded altar of an unknown god here.
You cannot tell which god this altar belongs to.
Convert to them anyway?
Okay, then.
You cannot tell which god this altar belongs to.
Convert to them anyway?
Uppercase [Y]es or [N]o only, please.
You cannot tell which god this altar belongs to.
Convert to them anyway?
Sif Muna accepts your prayer! Sif Muna welcomes you!
You can now call upon Sif Muna for magical energy.
Are you sure you want to abandon this character and quit the game? (Confirm with "yes".)

#........##.# ..#
#....#.#....# #.#
#.........### #.###
##.#......#########.#..
...#....†...........#.#
#####......####.#....#.#
..........#
#.#....#.####
####......#
#.#....#..... #.....@#
#.#.......... #......#
#.#....#..... ###.....
..#....#..... #######
########..... #.....
#..... ######
###############
#####.............###


There were no monsters in sight!

Vanquished Creatures
  4 bats (D:1)
  2 endoplasms (D:1)
  A giant cockroach (D:1)
  A hobgoblin (D:1)
  2 jackals (D:1)
  2 ball pythons (D:1)
  A frilled lizard (D:1)
  A goblin (D:1)
  A kobold (D:1)
  2 rats (D:1)
17 creatures vanquished.

Notes
Turn   | Place    | Note
-------+----------+-------------------------------------------
     0 | D:1      | Bapho the Gargoyle Fighter began the quest for the Orb.
     0 | D:1      | Reached XP level 1. HP: 14/14 MP: 1/1
   357 | D:1      | Reached XP level 2. HP: 19/19 MP: 2/2
   624 | D:1      | Reached skill level 4 in Shields
   625 | D:1      | Found a faded altar of an unknown god.
   650 | D:1      | Became a worshipper of Sif Muna the Loreminder
   650 | D:1      | Reached * piety under Sif Muna
   651 | D:1      | Quit the game

Illustrated notes

Levels and vault maps discovered:
D:1:      dpeg_arrival_oval, layout_basic, basic_ecumenical_altar, minivault_14

Skill      XL: |  1  2 |
---------------+-------+-----
Shields        | 4 |  4.0
Fighting       | |  3.2
Maces & Flails | |  2.3
Armour         | |  3.2

Action                   || total
-------------------------++-------
Melee: Flail             ||    56
Throw: Stone             ||    22
Armor: Scale mail        ||    30
Dodge: Dodged            ||    22
Block: Kite shield       ||    38

Table legend: (Time is in decaauts)
 A = Elapsed time spent in this place.
 B = Non-inter-level travel time spent in this place.
 C = Inter-level travel time spent in this place.
 D = Time resting spent in this place.
 E = Time spent auto-exploring this place.
 F = Levels seen in this place.
 G = Mean time per level.
                   A        B        C        D        E       F      G
               +--------+--------+--------+--------+--------+-----+--------+
         Total |    688 |    688 |      0 |      0 |    529 |   1 |  688.0 |
       Dungeon |    688 |    688 |      0 |      0 |    529 |   1 |  688.0 |
               +--------+--------+--------+--------+--------+-----+--------+

Top non-repeatable levels by time:
     D:1: 688 daAuts
